 Dungeon Crawl Stone Soup version 0.28-a0-1415-g7c84da036a (webtiles) character file.

Game seed: 1782712020329455144

16209 bjtr the Ogre Mage (level 12, -3/109 (126) HPs)
             Began as an Ogre Fire Elementalist on Jan 6, 2022.
             Was an Elder of Vehumet.
             Killed from afar by Josephine (16 damage)
             ... with a ghostly fireball
             ... on level 11 of the Dungeon on Jan 8, 2022.
             The game lasted 01:30:20 (18592 turns).

bjtr the Ogre Mage (Ogre Fire Elementalist)        Turns: 18592, Time: 01:30:21

HP:   -3/109 (126)  AC:  8    Str: 15    XL:     12   Next: 35%
MP:   18/37         EV: 10    Int: 26    God:    Vehumet [****..]
Gold: 555           SH:  0    Dex:  9    Spells: 7/35 levels left

rFire   + . .      SeeInvis .   a - +4 scythe
rCold   + . .      Faith    .   (shield currently unavailable)
rNeg    . . .      Spirit   .   T - +0 steam dragon scales
rPois   +          Reflect  .   (helmet restricted)
rElec   +          Harm     .   W - +1 cloak {rCorr}
rCorr   +          Rampage  .   (gloves unavailable)
Will    +....                   (boots unavailable)
Stlth   +.........              X - amulet of regeneration
HPRegen 1.08/turn               f - +6 ring of intelligence
MPRegen 0.25/turn               i - ring of magical power

@: resistant, hasted, heavily drained, very quick
A: large, unfitting armour, tough skin 1
a: Renounce Religion


You were on level 11 of the Dungeon.
You worshipped Vehumet.
Vehumet was greatly pleased with you.
You visited 2 branches of the dungeon, and saw 13 of its levels.
You also visited: Sewer and Bailey.

You collected 555 gold pieces.

Inventory:

Hand Weapons
 a - a +4 scythe (weapon)
 b - a +3 vorpal hand crossbow
 j - a +0 broad axe
 l - a +0 morningstar
 v - a +1 flail of holy wrath
 w - a +0 great sword
 A - a +2 quarterstaff of chaos
 F - a +1 long sword of holy wrath
 N - a +4 whip of electrocution
 U - a +1 giant spiked club
 V - a +0 battleaxe
Missiles
 c - 7 large rocks
 e - 414 stones
 m - 29 boomerangs
 n - 4 datura-tipped darts
 y - 33 poisoned darts (quivered)
 E - 52 bolts
 I - a curare-tipped dart
Armour
 G - a +2 robe of cold resistance
 H - a +1 robe of willpower
 O - a +2 robe of fire resistance
 R - an orb of light
 S - +0 acid dragon scales
 T - +0 steam dragon scales (worn)
 W - a +1 cloak of preservation (worn)
Jewellery
 f - a +6 ring of intelligence (left hand)
 i - a ring of magical power (right hand)
 k - a ring of flight
 L - a ring of protection from fire
 X - an amulet of regeneration (around neck)
Wands
 q - a wand of acid (11)
 r - a wand of flame (89)
 s - a wand of paralysis (10)
 u - a wand of polymorph (4)
 M - a wand of charming (14)
 P - a wand of iceblast (14)
Scrolls
 z - 3 scrolls of teleportation
 Q - a scroll of enchant armour
Potions
 g - 4 potions of cancellation
 h - a potion of magic
 o - 3 potions of curing
 p - 2 potions of attraction
 x - a potion of mutation {unknown}
 C - 2 potions of brilliance
 D - 4 potions of flight
 J - a potion of might {unknown}
 K - a potion of haste
Miscellaneous
 d - a lightning rod (4/4)
 B - a box of beasts


   Skills:
 * Level 10.0 Fighting
 + Level 4.0 Dodging
 - Level 1.4 Stealth
 + Level 12.3 Spellcasting
 * Level 3.5 Conjurations
 + Level 6.0 Necromancy
 + Level 11.1 Fire Magic
 * Level 1.6 Earth Magic


You had 7 spell levels left.
You knew the following spells:

 Your Spells              Type           Power      Damage    Failure   Level
a - Foxfire               Conj/Fire      100%       2x1d9     1%          1
b - Scorch                Fire           100%       2d10      1%          2
c - Conjure Flame         Conj/Fire      52%        6-21      1%          3
d - Inner Flame           Hex/Fire       44%        N/A       1%          3
e - Flame Wave            Conj/Fire      52%        2d9       1%          4
f - Excruciating Wounds   Necr           23%        N/A       9%          5
g - Irradiate             Conj/Tmut      12%        3d17      13%         5
h - Agony                 Necr           47%        N/A       9%          5

Your spell library contained the following spells:

 Spells                   Type           Power      Damage    Failure   Level
 Pain                     Necr           100%       1d9       1%          1
 Corpse Rot               Necr/Air       62%        N/A       1%          2
 Poisonous Vapours        Pois/Air       32%        N/A       1%          2
 Sublimation of Blood     Necr           47%        N/A       1%          2
 Ensorcelled Hibernation  Hex/Ice        32%        N/A       5%          2
 Wereblood                Tmut           16%        N/A       5%          2
 Iskenderun's Battlesphe  Conj           34%        2d9       7%          5
 Tukima's Dance           Hex            16%        N/A       11%         3
 Yara's Violent Unravell  Hex/Tmut       8%         3d5       24%         5
 Passage of Golubria      Tloc           16%        N/A       34%         4
 Summon Ice Beast         Ice/Summ       16%        N/A       34%         4
 Iron Shot                Conj/Erth      14%        9d4       41%         6
 Spellforged Servitor     Conj/Summ      12%        N/A       96%         7
 Summon Hydra             Summ           8%         N/A       100%        7
 Discord                  Hex            8%         N/A       100%        8


Dungeon Overview and Level Annotations

Branches:
Dungeon (12/15)            Temple (1/1) D:5            Lair (0/6) D:10
    Orc (0/2) D:12          Sewer (visited)          Bailey (visited)

Altars:
Ashenzari
Cheibriados
Dithmenos
Elyvilon
Fedhas
Gozag
Hepliaklqana
Kikubaaqudgha
Makhleb
Nemelex Xobeh
Okawaru
Qazlal
Ru
Sif Muna
Trog
Uskayaw
Vehumet
Wu Jian
Xom
Yredelemnul
Zin
The Shining One
Beogh

Shops:
D:1 ?   D:9 *

Annotations:
D:11 Josephine


Innate Abilities, Weirdness & Mutations

You are too large for most types of armour.
You have tough skin. (AC +1)


Message History

The wraith is almost destroyed.
The wraith is no longer more vulnerable to fire.
Josephine hits you but does no damage.
Unknown command.
Unknown command.
A wave of flame ripples out!
The flame wave engulfs Josephine!
Josephine is severely wounded.
The flame wave engulfs the wraith!
You destroy the wraith!
Vehumet accepts your kill.
The flame wave engulfs the wraith.
The wraith is moderately damaged.
The flame wave engulfs the wraith.
The wraith is lightly damaged.
Josephine completely misses you.
Your Dodging skill increases to level 4!
Unknown command.
Unknown command.
Casting: Flame Wave (mildly dangerous; 1% risk of failure)
Confirm with . or Enter, or press ? or * to list all spells.
Flames lash the wraith.
The wraith is heavily damaged.
The wraith's fire resistance burns away.
Josephine casts a spell at you.
The ghostly flame explodes!
The ghostly fireball engulfs you!!
You feel drained.
The ghostly fireball engulfs Josephine.
Josephine completely resists.
You hear a shout!
Unknown command.
You slash Josephine!
Josephine is almost dead.
You feel yourself speed up.
Josephine gestures at you while chanting.
The ghostly flame explodes!
The ghostly fireball engulfs you!!!
You feel drained.
* * * LOW HITPOINT WARNING * * *
The ghostly fireball engulfs Josephine.
Josephine completely resists.
Josephine casts a spell at you.
The ghostly flame explodes!
The ghostly fireball engulfs you!
You feel drained.
You die...

#######.## #..# #...#
##.# ###'### #<#
#.....# #######'###
#.....#####.........#
#.....##..+.........##
#.....#..##.........'.
#.....'.###.........#.
#....@### #.........##
####@## ########+###
#W .W ..# #.# #+


You could see Josephine and 2 wraiths.

Vanquished Creatures
  A boulder beetle (D:12)
  2 two-headed ogres (D:11)
  Pikel (D:8)
  An orc knight (Bailey)
  A manticore (D:12)
  2 cyclopes (D:11)
  Maurice (D:10)
  A gargoyle (D:11)
  A kobold demonologist (D:10)
  4 komodo dragons (D:10)
  A meliai zombie (D:10)
  Sigmund (D:5)
  4 wraiths
  3 wyverns
  A basilisk (D:12)
  14 yaks
  Grum (D:11)
  3 steam dragons
  4 vampire mosquitoes (D:11)
  Menkaure (D:7)
  2 acid dragons
  2 water moccasins (D:6)
  Duvessa (D:7)
  13 orc warriors
  A hornet zombie (D:8)
  A necrophage (D:6)
  2 ice beasts (D:6)
  4 wolves (D:11)
  2 ogres
  3 centaurs (D:9)
  2 phantoms (D:6)
  3 kobold brigands
  2 bullfrogs (Sewer)
  Blork the orc (D:5)
  2 wyvern zombies
  2 scorpions (D:5)
  Dowan (D:7)
  4 killer bees (D:10)
  3 howler monkeys
  A vampire bat (D:3)
  6 centaur zombies
  3 hounds
  A jelly (D:4)
  8 orc priests
  Crazy Yiuf (D:4)
  Terence (D:3)
  6 orc wizards
  Natasha (thrice) (D:3)
  An iguana (D:5)
  A hound zombie (D:5)
  A howler monkey zombie (D:5)
  7 adders
  9 gnolls
  2 white imps
  2 adder skeletons
  3 dart slugs
  50 orcs
  8 endoplasms
  10 giant cockroaches
  10 goblins
  8 hobgoblins
  10 jackals
  15 quokkas
  24 ball pythons
  12 bats
  6 frilled lizards
  38 kobolds
  12 rats
358 creatures vanquished.

Vanquished Creatures (others)
  251 foxfires
251 creatures vanquished.

Grand Total: 609 creatures vanquished

Notes
Turn   | Place    | Note
-------+----------+-------------------------------------------
     0 | D:1      | bjtr the Ogre Fire Elementalist began the quest for the
                  | Orb.
     0 | D:1      | Reached XP level 1. HP: 16/16 MP: 3/3
   267 | D:1      | Reached XP level 2. HP: 26/26 MP: 2/5
   300 | D:1      | Learned a level 2 spell: Scorch
   414 | D:1      | Reached skill level 1 in Fighting
   467 | D:1      | Reached skill level 1 in Conjurations
   617 | D:1      | Reached skill level 3 in Spellcasting
   689 | D:1      | Reached XP level 3. HP: 33/33 MP: 5/7
   794 | D:1      | Found a faded altar of an unknown god.
  1290 | D:1      | Found Ubiuschot's Magic Scroll Emporium.
  1318 | D:2      | Identified the +0 scale mail of Agnosticism {rElec SInv}
  1655 | D:2      | Reached XP level 4. HP: 40/42 MP: 1/8
  2487 | D:3      | Found a snail-covered altar of Cheibriados.
  2488 | D:3      | Found a broken altar of Ashenzari.
  2598 | D:3      | Found a white marble altar of Elyvilon.
  2715 | D:3      | Reached XP level 5. HP: 47/50 MP: 7/10
  2799 | D:3      | Noticed Natasha
  2926 | D:3      | Killed Natasha
  2927 | D:3      | Reached skill level 4 in Spellcasting
  2982 | D:3      | Noticed Natasha
  2986 | D:3      | Killed Natasha
  3170 | D:3      | Noticed Terence
  3177 | D:3      | Killed Terence
  3178 | D:3      | Reached XP level 6. HP: 41/59 MP: 2/12
  3366 | D:3      | Noticed Natasha
  3395 | D:3      | Killed Natasha
  3714 | D:4      | Identified a scroll of acquirement
  3714 | D:4      | Acquired a ring of magical power
  3797 | D:4      | Found a glowing drain.
  3852 | D:4      | Learned a level 3 spell: Inner Flame
  3877 | Sewer    | Entered a sewer
  3933 | Sewer    | Learned a level 3 spell: Conjure Flame
  3938 | Sewer    | Learned a level 4 spell: Flame Wave
  4356 | Sewer    | Reached skill level 5 in Spellcasting
  4519 | Sewer    | Reached XP level 7. HP: 55/67 MP: 14/14
  4720 | D:4      | Reached skill level 5 in Fire Magic
  5157 | D:4      | Found a runed translucent door.
  5158 | D:4      | Noticed Crazy Yiuf
  5181 | D:4      | Killed Crazy Yiuf
  5344 | D:4      | Found a basalt altar of Yredelemnul.
  5347 | D:4      | Found a shadowy altar of Dithmenos.
  5366 | D:4      | Found a stormy altar of Qazlal.
  5462 | D:5      | Entered Level 5 of the Dungeon
  5712 | D:5      | Noticed Sigmund
  5724 | D:5      | Killed Sigmund
  5725 | D:5      | Reached skill level 6 in Spellcasting
  5725 | D:5      | Reached XP level 8. HP: 64/78 MP: 15/17
  5958 | D:5      | Found a staircase to the Ecumenical Temple.
  5965 | Temple   | Entered the Ecumenical Temple
  5972 | Temple   | Became a worshipper of Vehumet
  6103 | D:5      | Noticed Blork the orc
  6111 | D:5      | Killed Blork the orc
  7045 | D:6      | Found a blossoming altar of Fedhas.
  7398 | D:6      | Reached skill level 5 in Fighting
  7401 | D:6      | Reached skill level 7 in Spellcasting
  7401 | D:6      | Reached skill level 1 in Necromancy
  7487 | D:6      | Reached XP level 9. HP: 88/88 MP: 19/19
  8514 | D:7      | Noticed Menkaure
  8529 | D:7      | Killed Menkaure
  8922 | D:7      | Found a burning altar of Makhleb.
  9019 | D:7      | Noticed Dowan
  9021 | D:7      | Noticed Duvessa
  9023 | D:7      | Killed Dowan
  9027 | D:7      | Reached skill level 8 in Spellcasting
  9030 | D:7      | Killed Duvessa
  9226 | D:7      | Found a burning altar of Makhleb.
  9233 | D:7      | Reached * piety under Vehumet
  9233 | D:7      | Offered knowledge of Sandblast by Vehumet.
  9414 | D:7      | Upgraded the game from 0.28-a0-1404-g4df0f3684d to
                  | 0.28-a0-1415-g7c84da036a
  9626 | D:8      | Found a flagged portal.
  9655 | Bailey   | Entered a bailey
 10089 | Bailey   | Reached XP level 10. HP: 45/100 MP: 20/22
 10089 | Bailey   | Offered knowledge of Shock by Vehumet.
 10321 | Bailey   | Noticed an orc knight
 10345 | Bailey   | Identified the +6 scale mail of the Big Bang {Will+ Dex+4}
 10416 | Bailey   | Killed an orc knight
 10416 | Bailey   | HP: 2/100 [spore (24)]
 10920 | D:8      | Learned a level 5 spell: Excruciating Wounds
 11084 | D:8      | Found an ornate altar of the Wu Jian Council.
 11162 | D:8      | Reached skill level 9 in Spellcasting
 11444 | D:8      | Noticed Pikel
 11455 | D:8      | Killed Pikel
 11694 | D:8      | Reached ** piety under Vehumet
 13898 | D:9      | Found Zin's Purification Station.
 13903 | D:9      | Found a glowing silver altar of Zin.
 13949 | D:10     | Entered Level 10 of the Dungeon
 13988 | D:10     | Reached skill level 10 in Spellcasting
 14175 | D:10     | Offered knowledge of Searing Ray by Vehumet.
 14180 | D:10     | Reached XP level 11. HP: 79/111 MP: 21/25
 14188 | D:10     | Reached *** piety under Vehumet
 14799 | D:10     | Reached skill level 10 in Fire Magic
 14804 | D:10     | Reached skill level 5 in Necromancy
 15222 | D:10     | Offered knowledge of Dazzling Flash by Vehumet.
 15374 | D:10     | Reached skill level 11 in Spellcasting
 15680 | D:10     | Found a staircase to the Lair.
 15862 | D:10     | Noticed Maurice
 15885 | D:10     | Killed Maurice
 16397 | D:11     | Noticed a two-headed ogre
 16412 | D:11     | Killed a two-headed ogre
 16520 | D:11     | Noticed a cyclops
 16571 | D:11     | Killed a cyclops
 16882 | D:11     | Noticed a cyclops
 16899 | D:11     | Killed a cyclops
 17088 | D:11     | Noticed a two-headed ogre
 17096 | D:11     | Killed a two-headed ogre
 17097 | D:11     | Reached XP level 12. HP: 97/124 MP: 27/27
 17238 | D:11     | You fall into a shaft and drop 1 floor!
 17262 | D:12     | Found a staircase to the Orcish Mines.
 17271 | D:12     | Noticed a centaur warrior
 17273 | D:12     | Reached skill level 12 in Spellcasting
 17584 | D:12     | Noticed a boulder beetle
 17604 | D:12     | Killed a boulder beetle
 17809 | D:12     | Noticed a boulder beetle
 17826 | D:11     | Reached skill level 1 in Earth Magic
 18147 | D:11     | Noticed Grum
 18155 | D:11     | Reached **** piety under Vehumet
 18156 | D:11     | Killed Grum
 18158 | D:11     | Offered knowledge of Irradiate by Vehumet.
 18165 | D:11     | Learned a level 5 spell: Irradiate
 18171 | D:11     | Learned a level 5 spell: Agony
 18462 | D:11     | Reached skill level 10 in Fighting
 18567 | D:11     | Got Sif Muna's Incunabulum of Supportive Curses
 18577 | D:11     | Noticed Josephine
 18592 | D:11     | Killed from afar by Josephine

Illustrated notes

Levels and vault maps discovered:
D:1:      minmay_arrival_checkered_box, layout_basic,
          hellmonk_ecumenical_altar_inner_sanctum, serial_shops,
          nicolae_shop_behind_doors
D:2:      minmay_evil_eye, layout_rooms
D:3:      layout_rooms, elyvilon_altar_3,
          chequers_temple_overflow_statue_of_worship, roderic_batcave,
          minmay_ruptured, uniq_natasha, uniq_terence
D:4:      layout_cave_pools, minmay_overflow_temple_star_quad,
          gup_sewer_entry_glass, dk_noncrumbling_2, uniq_crazy_yiuf_cottage
D:5:      layout_layer_cave, temple_green, uniq_sigmund, uniq_blork_the_orc
D:6:      layout_basic, mainiacjoe_overflow_paths
D:7:      layout_basic, makhleb_blood_cavern_becter, david_defended_altar_orc,
          uniq_menkaure, uniq_duvessa
D:8:      layout_basic, kennysheep_little_box, enter_bailey_1, uniq_pikel
D:9:      layout_basic, zin_purify
D:10:     layout_roguey [special_room_orc], erik_lair_dragon,
          kennysheep_small_circle, uniq_maurice
D:11:     layout_roguey, uniq_grum, uniq_erolcha, uniq_josephine, uniq_psyche
D:12:     layout_gridville, david_orc_2, serial_glass, glass_columns_b,
          glass_columns_a, glass_columns_b, glass_columns_b,
          due_unseen_surprise, item_on_display_b, minmay_strange_pillars,
          nicolae_shop_self_help
Temple:   nicolae_temple_no_exploring_needed

Skill      XL: |  1  2  3  4  5  6  7  8  9 10 11 12 |
---------------+-------------------------------------+-----
Fighting       | 1 2 3 4 5 6 7 9 10 | 10.0
Conjurations   | 1 2 3 |  3.5
Spellcasting   | 3 4 5 6 7 8 10 11 12 | 12.3
Fire Magic     | 3 4 6 7 8 9 10 11 | 11.1
Dodging        | 2 3 4 |  4.0
Necromancy     | 1 2 4 6 |  6.0
Earth Magic    | 1 |  1.6
Stealth        | |  1.4

Action                   |  1- 3 |  4- 6 |  7- 9 | 10-12 || total
-------------------------+-------+-------+-------+-------++-------
Melee: Short sword       |    17 |     3 |       |       ||    20
       Mace              |       |    20 |       |       ||    20
       Flail             |       |    14 |       |       ||    14
       Quarterstaff      |       |       |    13 |       ||    13
       Long sword        |       |       |     4 |       ||     4
       Scythe            |       |       |    30 |    94 ||   124
 Fire: Hand crossbow     |       |       |     5 |     7 ||    12
Throw: Dart              |       |       |       |     3 ||     3
 Cast: Foxfire           |    40 |    40 |    57 |     5 ||   142
       Scorch            |    17 |    58 |   127 |   168 ||   370
       Inner Flame       |       |     3 |     4 |     2 ||     9
       Conjure Flame     |       |       |     6 |    13 ||    19
       Flame Wave        |       |       |     2 |    20 ||    22
       Excruciating Woun |       |       |       |     2 ||     2
  Use: Scroll            |       |    10 |    10 |     9 ||    29
       Potion            |       |       |     1 |     7 ||     8
 Stab: Sleeping          |     3 |       |       |       ||     3
Armor: Robe              |     8 |    37 |    32 |    97 ||   174
       Steam dragon scal |       |       |       |    76 ||    76
Dodge: Dodged            |    21 |    41 |    62 |   216 ||   340

Table legend: (Time is in decaauts)
 A = Elapsed time spent in this place.
 B = Non-inter-level travel time spent in this place.
 C = Inter-level travel time spent in this place.
 D = Time resting spent in this place.
 E = Time spent auto-exploring this place.
 F = Levels seen in this place.
 G = Mean time per level.
                   A        B        C        D        E       F      G
               +--------+--------+--------+--------+--------+-----+--------+
         Total |  18820 |  18443 |    377 |   7051 |   8176 |  15 | 1254.7 |
       Dungeon |  16742 |  16365 |    377 |   5875 |   7878 |  12 | 1395.2 |
        Temple |     14 |     14 |      0 |      0 |      0 |   1 |   14.0 |
         Sewer |    791 |    791 |      0 |    339 |    259 |   1 |  791.0 |
        Bailey |   1271 |   1271 |      0 |    837 |     38 |   1 | 1271.0 |
               +--------+--------+--------+--------+--------+-----+--------+

Top non-repeatable levels by time:
    D:10: 2444 daAuts
     D:9: 1662 daAuts
    D:11: 1655 daAuts
     D:8: 1653 daAuts
     D:6: 1470 daAuts
     D:1: 1465 daAuts
     D:5: 1436 daAuts
  Bailey: 1271 daAuts
     D:3: 1220 daAuts
     D:7: 1071 daAuts
     D:4: 1048 daAuts
     D:2: 1021 daAuts
   Sewer: 791 daAuts
    D:12: 592 daAuts
  Temple: 14 daAuts
